AoeStats
← MeowMe

Lombardia

508933147Analyzed
3v3 RM · 6d ago on Sep 24, 2026· 27m 55s· 6 players
Game mode
Random Map
Map size
Normal (6 player)
Population
200
Speed
Normal
Resources
Standard
Victory
Conquest
Starting age
Dark Age
Ending age
Imperial Age
RankedLock teamsTeams togetherTeam positionsShared explorationLock speedFull tech treeHidden civsTurbo modeCheats
Victory
Defeat
🇩🇪 Britons · Germany
1808
+7
🇷🇺 Mongols · Russia
1716
+10
🇺🇸 Persians · United States
1568
+16
🇷🇺 Saracens · Russia
1650
-14
🇧🇾 Cumans · Belarus
1601
-12
🇬🇪 Turks · Georgia
1478
-7
OLADUSHEK
5:53 Loom
8:19 Feudal Age
9:06 Double-Bit Axe
11:40 Fletching
21:17 Town Watch
26:52 Castle Age
26:08 Padded Archer Armor
26:44 Gold Mining
26:54 Crossbowman
SiraZaika
8:23 Loom
11:06 Feudal Age
15:26 Castle Age
13:22 Double-Bit Axe
16:59 Scale Barding Armor
17:12 Forging
16:51 Town Watch
20:51 Scale Barding Armor
21:35 Forging
23:42 Bloodlines
26:18 Chain Barding Armor
28:04 Forging
28:46 Wheelbarrow
MeowMe
3:55 Loom
10:48 Feudal Age
11:24 Double-Bit Axe
11:35 Horse Collar
23:53 Castle Age
24:23 Bloodlines
26:46 Scale Barding Armor
27:54 Chain Barding Armor
Bohnski
11:35 Feudal Age
11:09 Loom
15:20 Castle Age
14:03 Double-Bit Axe
16:10 Fletching
16:49 Bow Saw
20:09 Bodkin Arrow
22:50 Bodkin Arrow
24:55 Ballistics
25:09 Padded Archer Armor
FarI
8:04 Feudal Age
7:44 Loom
9:43 Double-Bit Axe
21:53 Castle Age
20:05 Forging
21:00 Bloodlines
21:21 Horse Collar
21:57 Bloodlines
22:33 Fletching
22:07 Light Cavalry
27:44 Wheelbarrow
27:24 Bow Saw
Xololo
6:13 Loom
10:29 Feudal Age
13:59 Town Watch
17:17 Double-Bit Axe
17:31 Fletching
23:58 Wheelbarrow
26:55 Castle Age
25:43 Scale Barding Armor
26:24 Horse Collar
26:58 Bloodlines
27:26 Forging
Connection lost

Rejoining the realm…

Still unreachable

The connection could not be restored.

Session expired

The server has moved on; the page needs a fresh start.